 Dungeon Crawl Stone Soup version 0.23-a0-550-g7de1f8e (webtiles) character file.

234 tidbits the Caller (level 6, -1/44 HPs)
             Began as a Gnoll Summoner on Dec 9, 2018.
             Killed by triggering a spear trap (18 damage)
             ... in an ossuary.
             The game lasted 00:09:09 (983 turns).

tidbits the Caller (Gnoll Summoner)                  Turns: 983, Time: 00:09:10

Health: -1/44      AC:  2    Str: 11    XL:     6   Next: 5%
Magic:  9/13       EV: 15    Int: 19    God:
Gold:   97         SH:  0    Dex: 15    Spells: 5/15 levels left

rFire    . . .     SeeInvis .   a - +1 dagger (freeze)
rCold    . . .     Gourm    .   (no shield)
rNeg     . . .     Faith    .   l - +0 robe
rPois    .         Spirit   .   (no helmet)
rElec    .         Reflect  .   (no cloak)
rCorr    .         Harm     .   (no gloves)
MR       .....                  (no boots)
Stlth    +++.......             (no amulet)
HPRegen  0.14/turn              (no ring)
MPRegen  0.13/turn              (no ring)

@: no status effects
A: distributed training, fangs 1, strong nose
a: no special abilities


You were in an ossuary.
You were not hungry.

You visited 1 branch of the dungeon, and saw 4 of its levels.
You also visited: Ossuary.

You collected 97 gold pieces.

Inventory:

Hand Weapons
 a - a +1 dagger of freezing (weapon)
   (You took it off a kobold on level 3 of the Dungeon)
 b - a +0 whip of venom
   (You found it on level 2 of the Dungeon)
 s - a +0 spear
 x - a +0 short sword
 z - a +0 hunting sling
Missiles
 e - 17 bolts
 f - 39 arrows
 n - 14 sling bullets
Armour
 g - a +0 ring mail
 l - a +0 robe (worn)
 t - a cursed +0 ring mail
 w - a +3 leather armour
Scrolls
 h - 6 scrolls of identify {unknown}
 i - a scroll of amnesia {unknown}
 j - a scroll of blinking {unknown}
 m - 3 scrolls of teleportation
 u - a scroll of random uselessness {unknown}
 v - 4 scrolls of remove curse {unknown}
 y - a scroll of fear {unknown}
Potions
 d - a potion of might {unknown}
 k - a potion of lignification {unknown}
 o - a potion of heal wounds {unknown}
 p - a potion of invisibility {unknown}
 q - a potion of agility {unknown}
 r - a potion of flight {unknown}
 A - a potion of curing {unknown}
Comestibles
 c - 4 rations


   Skills:
 + Level 1.7 Fighting
 + Level 1.7 Short Blades
 + Level 1.7 Long Blades
 + Level 1.7 Axes
 + Level 1.7 Maces & Flails
 + Level 1.7 Polearms
 + Level 1.7 Staves
 + Level 1.7 Slings
 + Level 1.7 Bows
 + Level 1.7 Crossbows
 + Level 1.7 Throwing
 + Level 1.7 Armour
 + Level 4.9 Dodging
 + Level 4.5 Stealth
 + Level 1.7 Shields
 + Level 1.7 Unarmed Combat
 + Level 5.2 Spellcasting
 + Level 1.3 Conjurations
 + Level 1.3 Hexes
 + Level 1.3 Charms
 + Level 7.2 Summonings
 + Level 1.3 Necromancy
 + Level 1.3 Translocations
 + Level 1.3 Transmutations
 + Level 1.3 Fire Magic
 + Level 1.3 Ice Magic
 + Level 1.3 Air Magic
 + Level 1.3 Earth Magic
 + Level 1.3 Poison Magic
 + Level 1.9 Invocations
 + Level 1.7 Evocations


You had 5 spell levels left.
You knew the following spells:

 Your Spells              Type           Power        Failure   Level  Hunger
a - Summon Small Mammal   Summ           ####         1%          1    None
c - Call Canine Familiar  Summ           ####....     1%          3    ##.....
i - Call Imp              Summ           ####....     1%          2    None
L - Summon Lightning Spi  Summ/Air       ###.....     21%         4    ####...

Your spell library contained the following spells:

 Spells                   Type           Power        Failure   Level  Hunger
 Summon Guardian Golem    Hex/Summ       ###.....     6%          3    ##.....
 Summon Ice Beast         Ice/Summ       ###.....     21%         4    ####...


Dungeon Overview and Level Annotations

Branches:
Dungeon (4/15)
 Temple: D:4-7

Altars:

Annotations:
D:3 exclusion: gnoll


Innate Abilities, Weirdness & Mutations

Your experience applies equally to all skills.
You have very sharp teeth.
Your uncanny sense of smell can sniff out nearby items.


Message History

Anything else - Cancel.
You bark for attention!
Casting: Summon Lightning Spire (slightly dangerous; 22% risk of failure)
Confirm with . or Enter, or press ? or * to list all spells.
Aiming: Summon Lightning Spire (slightly dangerous; 22% risk of failure)
Press: ? - help, Dir - move target cursor An electric hum fills the air.
The adder zombie closely misses you.
Unknown command.
Your lightning spire shoots out a bolt of lightning at the adder zombie!
The bolt of electricity hits the adder zombie. x2
The bolt of electricity hits your lightning spire.
Your lightning spire completely resists.
The bolt of electricity hits your lightning spire.
Your lightning spire completely resists.
Wield which item (- for none, * to show all)? (? for menu, Esc to quit)
Your +1 dagger of freezing glows with a cold blue light!
a - a +1 dagger of freezing (weapon)
You hit the adder zombie.
The adder zombie is almost destroyed.
The adder zombie closely misses you.
Your lightning spire shoots out a bolt of lightning at the adder zombie!
The bolt of electricity hits the adder zombie.
The adder zombie is destroyed!
The bolt of electricity hits your lightning spire.
Your lightning spire completely resists.
The bolt of electricity hits your lightning spire.
Your lightning spire completely resists.
Wield which item (- for none, * to show all)? (? for menu, Esc to quit)
Your +1 dagger of freezing stops glowing.
z - a +0 hunting sling (weapon)
Firing (i - inventory)
n - 14 sling bullets (quivered)
Press: ? - help, Shift-Dir - straight line, f - mummy
Aim: a mummy You shoot a sling bullet.
The sling bullet hits the mummy.
The mummy is lightly damaged.
Your lightning spire shoots out a bolt of lightning at the mummy!
The bolt of electricity hits the mummy.
Firing (i - inventory)
n - 13 sling bullets (quivered)
Press: ? - help, Shift-Dir - straight line, f/p - mummy
Aim: a mummy (heavily damaged)
You shoot a sling bullet.
The sling bullet hits the mummy but does no damage.
The mummy is heavily damaged.
Your lightning spire shoots out a bolt of lightning at the mummy!
The bolt of electricity hits the mummy.
The mummy is destroyed!
The human zombie misses you.
Unknown command.
Wield which item (- for none, * to show all)? (? for menu, Esc to quit)
Your +1 dagger of freezing glows with a cold blue light!
a - a +1 dagger of freezing (weapon)
You hit the human zombie. You bite the human zombie.
The human zombie is lightly damaged.
Your lightning spire shoots out a bolt of lightning at the human zombie!
The bolt of electricity hits the human zombie. x2
The bolt of electricity hits your lightning spire.
Your lightning spire completely resists.
The bolt of electricity hits your lightning spire.
Your lightning spire completely resists.
You closely miss the human zombie.
The human zombie is heavily damaged.
The human zombie hits you.
* * * LOW HITPOINT WARNING * * *
You hit the human zombie.
The human zombie is heavily damaged.
Your lightning spire shoots out a bolt of lightning at the human zombie!
The bolt of electricity hits the human zombie. x2
The bolt of electricity hits your lightning spire.
Your lightning spire completely resists.
The bolt of electricity hits your lightning spire.
Your lightning spire completely resists.
The human zombie hits your lightning spire but does no damage.
You hit the human zombie.
You bite the human zombie, but do no damage.
The human zombie is almost destroyed.
The human zombie hits you.
* * * LOW HITPOINT WARNING * * *
You hit the human zombie.
The human zombie is almost destroyed.
Your lightning spire shoots out a bolt of lightning at the human zombie!
The bolt of electricity hits the human zombie.
The human zombie is destroyed!
You have reached level 6!
Your experience leads to an increase in your attributes!
Increase (S)trength, (I)ntelligence, or (D)exterity?
You feel clever.
The bolt of electricity hits your lightning spire.
Your lightning spire completely resists.
The bolt of electricity hits your lightning spire.
Your lightning spire completely resists.
Unknown command.
Your lightning spire disappears in a puff of smoke!
Found 28 gold pieces.
You see here 2 sling bullets.
n - 14 sling bullets (gained 2)
Found 25 gold pieces.
Found a gate leading back out of this place.
Really walk into that spear trap?
A spear shoots out and hits you!
You die...

## ##################
#$$+^..........∩.....
#$$#@................
####^........#####...
#..^.................
#....................
#.....##.............
#.....##.............
#....................
#..#.................
#..##................


There were no monsters in sight!

Vanquished Creatures
  An adder (D:4)
  An adder zombie (Ossuary)
  A worm (D:2)
  2 dart slugs
  A giant cockroach (D:2)
  2 goblins (D:2)
  3 hobgoblins
  2 jackals (D:1)
  A kobold (D:1)
  2 bats (D:1)
  A jackal zombie (Ossuary)
  An orc zombie (Ossuary)
18 creatures vanquished.

Vanquished Creatures (collateral kills)
  An ogre (D:4)
  3 human zombies (Ossuary)
  Jessica (D:2)
  A hound zombie (Ossuary)
  3 mummies (Ossuary)
  3 adders
  2 oozes (D:1)
  An adder zombie (Ossuary)
  A dart slug (D:1)
  2 leopard geckos
  A bat (D:1)
  A giant cockroach (D:1)
  2 gnoll zombies (Ossuary)
  A goblin (D:1)
  A hobgoblin (D:3)
  A goblin zombie (Ossuary)
  4 kobolds
29 creatures vanquished.

Grand Total: 47 creatures vanquished

Notes
Turn   | Place    | Note
-------+----------+-------------------------------------------
     0 | D:1      | tidbits the Gnoll Summoner began the quest for the Orb.
     0 | D:1      | Reached XP level 1. HP: 13/13 MP: 6/6
   186 | D:1      | Reached XP level 2. HP: 18/19 MP: 3/7
   190 | D:1      | Learned a level 2 spell: Call Imp
   378 | D:2      | Reached XP level 3. HP: 18/25 MP: 9/9
   383 | D:2      | Learned a level 3 spell: Call Canine Familiar
   407 | D:2      | Reached skill level 5 in Spellcasting
   545 | D:2      | Noticed Jessica
   563 | D:2      | Killed Jessica
   563 | D:2      | Reached skill level 1 in Fighting
   563 | D:2      | Reached skill level 1 in Short Blades
   563 | D:2      | Reached skill level 1 in Long Blades
   563 | D:2      | Reached skill level 1 in Axes
   563 | D:2      | Reached skill level 1 in Maces & Flails
   563 | D:2      | Reached skill level 1 in Polearms
   563 | D:2      | Reached skill level 1 in Staves
   563 | D:2      | Reached skill level 1 in Slings
   563 | D:2      | Reached skill level 1 in Bows
   563 | D:2      | Reached skill level 1 in Crossbows
   563 | D:2      | Reached skill level 1 in Throwing
   563 | D:2      | Reached skill level 1 in Armour
   563 | D:2      | Reached skill level 1 in Shields
   563 | D:2      | Reached skill level 1 in Unarmed Combat
   563 | D:2      | Reached skill level 1 in Invocations
   563 | D:2      | Reached skill level 1 in Evocations
   635 | D:3      | Reached XP level 4. HP: 31/32 MP: 11/11
   641 | D:3      | Learned a level 4 spell: Summon Lightning Spire
   695 | D:4      | Noticed a phantom
   702 | D:4      | Noticed an ogre
   717 | D:4      | Killed an ogre
   717 | D:4      | Reached skill level 1 in Conjurations
   717 | D:4      | Reached skill level 1 in Hexes
   717 | D:4      | Reached skill level 1 in Charms
   717 | D:4      | Reached skill level 1 in Necromancy
   717 | D:4      | Reached skill level 1 in Translocations
   717 | D:4      | Reached skill level 1 in Transmutations
   717 | D:4      | Reached skill level 1 in Fire Magic
   717 | D:4      | Reached skill level 1 in Ice Magic
   717 | D:4      | Reached skill level 1 in Air Magic
   717 | D:4      | Reached skill level 1 in Earth Magic
   717 | D:4      | Reached skill level 1 in Poison Magic
   717 | D:4      | Reached XP level 5. HP: 36/37 MP: 2/12
   744 | D:4      | Found a sand-covered staircase.
   749 | Ossuary  | Entered an ossuary
   971 | Ossuary  | Reached XP level 6. HP: 15/44 MP: 7/13
   983 | Ossuary  | Killed by triggering a spear trap

Vault maps used:
D:1:      matt_arrival_los_fun
D:2:      trog_butcher_becter, uniq_crazy_yiuf_cottage, uniq_jessica
D:3:      old_standard_altar, first_ration, grunt_decor_fettered,
          nemelex_altar_shiori, uniq_terence
D:4:      nicolae_ru_the_path_less_chosen, kennysheep_little_box,
          minmay_temple_entry_junction_2, enter_ossuary_1,
          kennysheep_cross_bottleneck
Ossuary:  ossuary_minmay_tomb_2a

Skill      XL: |  1  2  3  4 |
---------------+-------------+-----
Spellcasting   | 5 |  5.2
Fighting       | 1 |  1.7
Short Blades   | 1 |  1.7
Long Blades    | 1 |  1.7
Axes           | 1 |  1.7
Maces & Flails | 1 |  1.7
Polearms       | 1 |  1.7
Staves         | 1 |  1.7
Slings         | 1 |  1.7
Bows           | 1 |  1.7
Crossbows      | 1 |  1.7
Throwing       | 1 |  1.7
Armour         | 1 |  1.7
Shields        | 1 |  1.7
Unarmed Combat | 1 |  1.7
Invocations    | 1 |  1.9
Evocations     | 1 |  1.7
Conjurations   | 1 |  1.3
Hexes          | 1 |  1.3
Charms         | 1 |  1.3
Necromancy     | 1 |  1.3
Translocations | 1 |  1.3
Transmutations | 1 |  1.3
Fire Magic     | 1 |  1.3
Ice Magic      | 1 |  1.3
Air Magic      | 1 |  1.3
Earth Magic    | 1 |  1.3
Poison Magic   | 1 |  1.3
Dodging        | |  4.9
Stealth        | |  4.5
Summonings     | |  7.2

Action                   |  1- 3 |  4- 6 || total
-------------------------+-------+-------++-------
Melee: Unarmed           |    23 |       ||    23
       Short sword       |     9 |    18 ||    27
       Bite              |     3 |     8 ||    11
       Whip              |     4 |     9 ||    13
       Dagger            |       |     6 ||     6
 Fire: Hunting sling     |    21 |    15 ||    36
 Cast: Summon Small Mamm |    20 |       ||    20
       Call Imp          |     2 |       ||     2
       Call Canine Famil |     2 |     1 ||     3
       Summon Lightning  |       |     8 ||     8
  Use: Scroll            |       |     1 ||     1
 Stab: Sleeping          |     4 |     1 ||     5
  Eat: Ration            |       |     1 ||     1
Armor: Robe              |     4 |     5 ||     9
Dodge: Dodged            |    39 |    21 ||    60

Table legend:
 A = Non-vault XP
 B = Vault XP
 C = Vault XP percentage of total XP
 D = Non-vault monster count
 E = Vault monster count
 F = Vault count percentage of total count
                 A         B        C        D         E       F
            +---------+---------+-------+---------+---------+-------
      Total |     180 |     155 |  46.3 |      32 |      15 |  31.9
            +---------+---------+-------+---------+---------+-------
        D:1 |      32 |       0 |   0.0 |      16 |       0 |   0.0
        D:2 |      25 |      23 |  47.9 |       7 |       1 |  12.5
        D:3 |      20 |       0 |   0.0 |       5 |       0 |   0.0
        D:4 |     103 |       0 |   0.0 |       4 |       0 |   0.0
    Ossuary |       0 |     132 | 100.0 |       0 |      14 | 100.0
            +---------+---------+-------+---------+---------+-------

Table legend:
 A = Turns spent in this place as a percentage of turns spent in the entire game.
 B = Non-inter-level travel turns spent in this place as a percentage of non-inter-level travel turns spent in the entire game.
 C = Inter-level travel turns spent in this place as a percentage of turns spent in this place.
 D = Turns resting spent in this place as a percentage of non-inter-level travel turns spent in this place.
 E = Turns spent auto-exploring this place as a percentage of non-inter-level travel turns spent in this place.
 F = Non-inter-level travel turns spent in this place divided by the number of levels of this place that you've seen.
                   A       B       C       D       E      F
               +-------+-------+-------+-------+-------+----------------------
         Total | 100.0 | 100.0 |   0.0 |   0.0 |   0.0 | 196.6
       Dungeon |  76.2 |  76.2 |   0.0 |   0.0 |   0.0 | 187.2
       Ossuary |  23.8 |  23.8 |   0.0 |   0.0 |   0.0 | 234.0
               +-------+-------+-------+-------+-------+----------------------

Table legend:
 A = Kills in this place as a percentage of kills in entire the game.
 B = Kills by you in this place as a percentage of kills by you in the entire game.
 C = Kills by friends in this place as a percentage of kills by friends in the entire game.
 D = Other kills in this place as a percentage of other kills in the entire game.
 E = Experience gained in this place as a percentage of experience gained in the entire game.
 F = Experience gained in this place divided by the number of levels of this place that you have seen.
                   A       B       C       D       E      F
               +-------+-------+-------+-------+-------+----------------------
         Total | 100.0 | 100.0 | 100.0 |   N/A | 100.0 |  67.0
       Dungeon |  70.2 |  83.3 |  62.1 |   N/A |  60.6 |  50.8
       Ossuary |  29.8 |  16.7 |  37.9 |   N/A |  39.4 | 132.0
               +-------+-------+-------+-------+-------+----------------------

Vault maps used:
D:1:      matt_arrival_los_fun
D:2:      trog_butcher_becter, uniq_crazy_yiuf_cottage, uniq_jessica
D:3:      old_standard_altar, first_ration, grunt_decor_fettered,
          nemelex_altar_shiori, uniq_terence
D:4:      nicolae_ru_the_path_less_chosen, kennysheep_little_box,
          minmay_temple_entry_junction_2, enter_ossuary_1,
          kennysheep_cross_bottleneck
Ossuary:  ossuary_minmay_tomb_2a
